 Dungeon Crawl Stone Soup version 0.29.1-12-g30fa7ad0bf (webtiles) character file.

Game seed: 14571051036652845952

88 Jushak the Caller (level 4, -3/25 HPs)
             Began as a Deep Elf Summoner on Jan 11, 2023.
             Slain by a water moccasin (9 damage)
             ... in a sewer.
             The game lasted 00:12:46 (3051 turns).

Jushak the Caller (Deep Elf Summoner)               Turns: 3051, Time: 00:12:48

Health: -3/25      AC:  3    Str:  5    XL:     4   Next: 29%
Magic:  12/12      EV: 12    Int: 22    God:
Gold:   19         SH:  3    Dex: 15    Spells: 6/12 levels left

rFire   . . .      SeeInvis .   i - +0 spear
rCold   . . .      Faith    .   s - +0 buckler
rNeg    . . .      Spirit   .   a - +0 robe
rPois   .          Reflect  .   (no helmet)
rElec   .          Harm     .   (no cloak)
rCorr   .          Rampage  .   (no gloves)
Will    .....                   c - +0 pair of boots
Stlth   ++........              (no amulet)
HPRegen 0.08/turn               (no ring)
MPRegen 0.13/turn               (no ring)

@: lethally poisoned (-3 -> -11)
A: no striking features
a: no special abilities


You were in a sewer.
You visited 1 branch of the dungeon, and saw 3 of its levels.
You also visited: Sewer.

You collected 96 gold pieces.
You spent 77 gold pieces at shops.

Inventory:

Hand Weapons
 i - a +0 spear (weapon)
Armour
 a - a +0 robe (worn)
 c - a +0 pair of boots (worn)
 s - a +0 buckler (worn)
Scrolls
 d - a scroll of summoning {unknown}
 e - 2 scrolls of noise {unknown}
 f - 2 scrolls of identify {unknown}
 g - 2 scrolls of enchant weapon {unknown}
 h - a scroll of torment {unknown}
 l - 2 scrolls of poison {unknown}
 q - a scroll of teleportation {unknown}
 t - a scroll of fear {unknown}
Potions
 b - a potion of magic
 k - a potion of heal wounds {unknown}
 m - 2 potions of degeneration {unknown}
 o - a potion of might {unknown}
 p - a potion of lignification {unknown}
 r - a potion of ambrosia {unknown}
 u - a potion of haste {unknown}


   Skills:
 * Level 1.1 Fighting
 - Level 2.4 Dodging
 + Level 3.4 Stealth
 * Level 4.6 Spellcasting
 * Level 4.9 Summonings


You had 6 spell levels left.
You knew the following spells:

 Your Spells              Type           Power      Damage    Failure   Level
a - Summon Small Mammal   Summ           100%       N/A       1%          1
b - Call Imp              Summ           26%        N/A       3%          2
c - Call Canine Familiar  Summ           26%        N/A       6%          3

Your spell library contained the following spells:

 Spells                   Type           Power      Damage    Failure   Level
 Summon Guardian Golem    Hex/Summ       15%        N/A       16%         3
 Inner Flame              Hex/Fire       5%         N/A       41%         3
 Portal Projectile        Hex/Tloc       10%        N/A       41%         3
 Tukima's Dance           Hex            5%         N/A       41%         3
 Summon Lightning Spire   Summ/Air       15%        N/A       45%         4
 Cause Fear               Hex            2%         N/A       82%         4
 Blade Hands              Tmut           2%         N/A       99%         5
 Discord                  Hex            2%         N/A       100%        8


Dungeon Overview and Level Annotations

Branches:
Dungeon (3/15)              Sewer (1/1)

Altars:

Shops:
D:2 *


Message History

Your bat closely misses the water moccasin.
The water moccasin bites you but does no damage.
The water moccasin bites you.
* * * LOW HITPOINT WARNING * * *
You feel better. The water moccasin bites you.
* * * LOW HITPOINT WARNING * * *
You are lethally poisoned!
The water moccasin poisons you!
Your quokka bites the water moccasin but does no damage.
Your bat misses the water moccasin.
You feel better.
Your bat misses the water moccasin. You block the water moccasin's attack.
Your quokka barely misses the water moccasin.
You hit the water moccasin.
The water moccasin is moderately wounded.
Your bat closely misses the water moccasin.
You block the water moccasin's attack.
Your quokka barely misses the water moccasin.
The water moccasin closely misses you.
You closely miss the water moccasin.
The water moccasin is moderately wounded.
Your bat misses the water moccasin.
Your bat barely misses the water moccasin.
Your quokka misses the water moccasin. The water moccasin barely misses you.
Your quokka misses the water moccasin. The water moccasin bites you.
You are lethally poisoned!
The water moccasin poisons you!
You hit the water moccasin.
The water moccasin is heavily wounded.
You feel very sick.
Your bat hits the water moccasin but does no damage. x2
The water moccasin closely misses your bat.
Your quokka barely misses the water moccasin.
You catch the helpless water moccasin completely off-guard!
You hit the water moccasin but do no damage.
The water moccasin is heavily wounded.
* * * LOW HITPOINT WARNING * * *
You feel very sick.
Your bat misses the water moccasin. The water moccasin bites you!
You die...

####...#...####
~~~~~~~~~~~~~~#
##..~.†..####
####~#### #.#
##.## #...#
##~~.## #.bb@r#
#.b~S~##
#.~~#..b#
#.~###bb## #...
#b..# #..#
##~~# #.~ #~.#
#. #~.# ##..#


You could see a water moccasin (ally target), a friendly quokka (summoned) and a
friendly bat (summoned).

Vanquished Creatures
  4 bats
  2 giant cockroaches (D:3)
  2 goblins (D:1)
  3 hobgoblins
  3 jackals
  2 quokkas (D:2)
  A kobold (D:1)
17 creatures vanquished.

Vanquished Creatures (collateral kills)
  2 adders
  A worm (D:3)
  A dart slug (D:2)
  An orc (D:3)
  2 bats
  5 endoplasms
  2 giant cockroaches (D:3)
  5 hobgoblins
  4 jackals
  5 kobolds
  A quokka (D:1)
  A ball python (D:1)
  A frilled lizard (D:1)
  2 goblins
  7 rats
40 creatures vanquished.

Grand Total: 57 creatures vanquished

Notes
Turn   | Place    | Note
-------+----------+-------------------------------------------
     0 | D:1      | Jushak the Deep Elf Summoner began the quest for the Orb.
     0 | D:1      | Reached XP level 1. HP: 10/10 MP: 6/6
   127 | D:1      | Found a faded altar of an unknown god.
   455 | D:1      | Reached XP level 2. HP: 10/15 MP: 6/8
   458 | D:1      | Learned a level 2 spell: Call Imp
  1649 | D:2      | Reached XP level 3. HP: 17/19 MP: 5/10
  1914 | D:2      | Found Zinas's General Store.
  1919 | D:2      | Bought a potion of curing for 33 gold pieces
  1919 | D:2      | Bought a scroll of butterflies for 44 gold pieces
  2510 | D:2      | Learned a level 3 spell: Call Canine Familiar
  2698 | D:3      | Reached XP level 4. HP: 24/24 MP: 7/12
  2761 | D:3      | Reached skill level 1 in Fighting
  2942 | D:3      | Found a glowing drain.
  2976 | Sewer    | Entered a sewer
  3021 | Sewer    | Noticed a water moccasin
  3051 | Sewer    | Slain by a water moccasin

Illustrated notes

Levels and vault maps discovered:
D:1:      shiori_arrival_oz, layout_basic, hellmonk_ecumenical_altar_blasted,
          serial_glass, glass_columns_b, glass_columns_a, glass_columns_b,
          minmay_strange_pillars, minmay_strange_pillars
D:2:      layout_loops_ring, serial_shops, nicolae_shop_hallway_plus
D:3:      layout_basic, nicolae_overflow_hidden_temple, gup_sewer_entry_pipe,
          uniq_grinder, uniq_sigmund, uniq_terence
Sewer:    sewer_the_moccasin

Skill      XL: |  1  2  3  4 |
---------------+-------------+-----
Stealth        | 3 |  3.4
Spellcasting   | 4 |  4.6
Fighting       | 1 |  1.1
Dodging        | |  2.4
Summonings     | |  4.9

Action                   |  1- 3 |  4- 6 || total
-------------------------+-------+-------++-------
Melee: Spear             |    63 |    31 ||    94
 Cast: Summon Small Mamm |    70 |    19 ||    89
  Use: Potion            |     1 |     3 ||     4
       Scroll            |       |     1 ||     1
 Stab: Sleeping          |     5 |       ||     5
       Distracted        |     2 |     1 ||     3
Armor: Robe              |    10 |     8 ||    18
Dodge: Dodged            |    25 |    11 ||    36
Block: Buckler           |       |     5 ||     5
